 Dungeon Crawl Stone Soup version 0.27.1-34-g3ba077fa99 (webtiles) character file.

Game seed: 4785139196803884877

62 Delamore the Sneak (level 4, -1/29 HPs)
             Began as an Octopode Brigand on Feb 11, 2022.
             Slain by an orc (5 damage)
             ... on level 3 of the Dungeon.
             The game lasted 00:01:27 (1579 turns).

Delamore the Sneak (Octopode Brigand)               Turns: 1579, Time: 00:01:27

Health: -1/29      AC:  1    Str: 10    XL:     4   Next: 8%
Magic:  4/4        EV: 12    Int: 13    God:
Gold:   105        SH:  0    Dex: 14    Spells: 3/3 levels left

rFire    . . .     SeeInvis .   a - +2 dagger
rCold    . . .     Faith    .   (no shield)
rNeg     . . .     Spirit   .   (helmet restricted)
rPois    .         Reflect  .   (no amulet)
rElec    .         Harm     .   (no ring)
rCorr    .         Rampage  .   (no ring)
Will     .....                  (no ring)
Stlth    ++++......             (no ring)
HPRegen  0.09/turn              (no ring)
MPRegen  0.09/turn              (no ring)
                                (no ring)
                                (no ring)

@: no status effects
A: almost no armour, amphibious, 8 rings, camouflage 1, gelatinous body 1,
(nimble swimmer 1), tentacles
a: no special abilities


You were on level 3 of the Dungeon.
You visited 1 branch of the dungeon, and saw 3 of its levels.

You collected 105 gold pieces.

Inventory:

Hand Weapons
 a - a +2 dagger (weapon)
Missiles
 b - 8 poisoned darts (quivered)
 c - 2 curare-tipped darts
 f - 2 silver boomerangs
Scrolls
 e - a scroll of fog {unknown}
 i - a scroll of enchant weapon {unknown}
Potions
 d - a potion of brilliance {unknown}
 g - a potion of curing {unknown}
 h - a potion of cancellation {unknown}


   Skills:
 - Level 2.0 Fighting
 + Level 2.8 Short Blades
 - Level 2.0 Throwing
 - Level 1.0 Dodging
 * Level 7.0 Stealth


You had 3 spell levels left.
You didn't know any spells.
Your spell library contained the following spells:

 Spells                   Type           Power      Damage    Failure   Level
 Portal Projectile        Hex/Tloc       0%         N/A       67%         3
 Blade Hands              Tmut           0%         N/A       100%        5
 Excruciating Wounds      Necr           0%         N/A       100%        5


Dungeon Overview and Level Annotations

Branches:
Dungeon (3/15)

Altars:


Innate Abilities, Weirdness & Mutations

You cannot wear most types of armour.
You are amphibious.
You can wear up to eight rings at the same time.
Your skin changes colour to match your surroundings (Stealth+).
Your rubbery body absorbs attacks. (AC +1, EV +1)
((You are camouflaged near water. (Stealth+)))
You have tentacles for arms and can constrict up to eight enemies at once.


Message History

The orc is moderately wounded.
You constrict the orc. The orc completely misses you.
The orc closely misses you.
You hit the orc but do no damage. You grab the orc. You squeeze the orc.
You kill the orc!
You constrict the orc. The orc wizard casts a spell at you.
The magic dart hits you. The orc barely misses you.
You release your grip on the orc.
The orc wizard closely misses you. The orc hits you with a +0 whip.
You hit the orc wizard but do no damage.
You grab the orc wizard. You squeeze the orc wizard.
The orc wizard is heavily wounded.
You constrict the orc wizard, but do no damage.
The orc wizard hits you with a +0 dagger.
* * * LOW HITPOINT WARNING * * *
You hit the orc wizard but do no damage.
The orc wizard is heavily wounded.
You constrict the orc wizard, but do no damage.
The orc barely misses you.
You closely miss the orc. You grab the orc.
The orc is severely wounded.
You constrict the orc, but do no damage.
You constrict the orc wizard. The orc wizard barely misses you.
The orc hits you with a +0 whip.
* * * LOW HITPOINT WARNING * * *
You hit the orc but do no damage. You squeeze the orc, but do no damage.
The orc is severely wounded.
You constrict the orc, but do no damage.
You constrict the orc wizard.
The orc wizard hits you with a +0 dagger.
* * * LOW HITPOINT WARNING * * *
The orc closely misses you.
You hit the orc wizard.
You squeeze the orc wizard, but do no damage.
The orc wizard is almost dead.
You constrict the orc, but do no damage.
You constrict the orc wizard. The orc wizard barely misses you.
The orc hits you with a +0 whip.
You die...

#.# #.# #.# #.#
#.#########
#######..†......#
#.........#####+#
#......o)........
##
#.....o@.........
..
+......!.†..[..>.
..
#?...............
#..............[.
#................
#................
#................
#.........#####+#


You could see an orc wizard and an orc.

Vanquished Creatures
  An adder (D:2)
  2 worms
  An orc (D:3)
  2 ball pythons
  5 bats
  5 endoplasms
  4 giant cockroaches
  2 goblins (D:1)
  5 hobgoblins
  A kobold (D:3)
  4 quokkas
  4 frilled lizards
  7 rats
43 creatures vanquished.

Notes
Turn   | Place    | Note
-------+----------+-------------------------------------------
     0 | D:1      | Delamore the Octopode Brigand began the quest for the Orb.
     0 | D:1      | Reached XP level 1. HP: 14/14 MP: 1/1
    61 | D:1      | Reached XP level 2. HP: 16/19 MP: 2/2
   182 | D:1      | Reached skill level 6 in Stealth
   250 | D:1      | You fall into a shaft and drop 1 floor!
   513 | D:1      | Reached XP level 3. HP: 24/24 MP: 3/3
  1561 | D:3      | Reached XP level 4. HP: 28/29 MP: 4/4
  1567 | D:3      | Reached skill level 7 in Stealth
  1579 | D:3      | Slain by an orc

Illustrated notes

Levels and vault maps discovered:
D:1:      roderic_crop_circles_arrival_small, layout_basic,
          hangedman_decor_points, st_stairs_8
D:2:      layout_loops_ring
D:3:      layout_basic, amethyst_overflow_temple_binary

Skill      XL: |  1  2  3  4 |
---------------+-------------+-----
Stealth        | 6 7 |  7.0
Fighting       | |  2.0
Short Blades   | |  2.8
Throwing       | |  2.0
Dodging        | |  1.0

Action                   |  1- 3 |  4- 6 || total
-------------------------+-------+-------++-------
Melee: Dagger            |    55 |    14 ||    69
       Constrict         |     9 |     6 ||    15
       Tentacles         |     6 |     4 ||    10
 Stab: Sleeping          |    21 |       ||    21
Armor: Skin              |     2 |       ||     2
Dodge: Dodged            |    25 |    12 ||    37
